 Dungeon Crawl Stone Soup version 0.20.0-10-g0535bb4 (webtiles) character file.

470 Haldmier the Chopper (level 7, -2/60 HPs)
             Began as a Hill Orc Gladiator on June 4, 2017.
             Slain by a two-headed ogre
             ... wielding a +0 giant club
              (17 damage)
             ... on level 4 of the Dungeon.
             The game lasted 00:08:57 (4427 turns).

Haldmier the Chopper (Hill Orc Gladiator)           Turns: 4427, Time: 00:08:58

Health: -2/60      AC:  6    Str: 19    XL:     7   Next: 9%
Magic:  7/7        EV: 12    Int:  8    God:
Gold:   186        SH:  0    Dex: 12    Spells: 6/6 levels left

rFire    . . .     SeeInvis .   a - +0 war axe
rCold    . . .     Gourm    .   (no shield)
rNeg     + . .     Faith    .   l - +0 ring mail
rPois    .         Spirit   .   c - +0 helmet
rElec    .         Reflect  .   (no cloak)
rCorr    .         Harm     .   (no gloves)
MR       .....                  (no boots)
Stlth    +.........             (no amulet)
Regen    0.2/turn               b - ring of positive energy
MPRegen  0.1/turn               (no ring)

@: no status effects
A: no striking features
a: no special abilities


You were on level 4 of the Dungeon.
You were not hungry.

You visited 1 branch of the dungeon, and saw 5 of its levels.

You collected 186 gold pieces.

Inventory:

Hand Weapons
 a - a +0 war axe (weapon)
 y - a +0 blowgun
 C - a +2 mace of holy wrath
Missiles
 d - 3 throwing nets (quivered)
 h - 140 stones
 w - 40 poisoned needles
Armour
 c - a +0 helmet (worn)
 l - a +0 ring mail (worn)
 z - a +0 buckler
Jewellery
 b - a ring of positive energy (left hand)
Wands
 A - a wand of disintegration (11/24)
Scrolls
 g - a scroll of fear {unknown}
 k - 3 scrolls of teleportation {unknown}
 m - 6 scrolls of identify {unknown}
 o - a scroll of fog {unknown}
 p - a scroll of remove curse {unknown}
 r - a scroll of recharging {unknown}
 s - a scroll of random uselessness {unknown}
 u - a scroll of magic mapping {unknown}
 v - a scroll of immolation {unknown}
 x - a scroll of noise {unknown}
Potions
 e - 2 potions of might {unknown}
 n - a potion of mutation {unknown}
 q - a potion of magic {unknown}
 t - 6 potions of curing {unknown}
Comestibles
 f - 3 bread rations
 i - a royal jelly
 j - 2 meat rations
 B - 3 chunks of flesh


   Skills:
 + Level 4.6 Fighting
 * Level 7.2 Axes
 - Level 3.0 Throwing
 + Level 3.6 Dodging


You had 6 spell levels left.
You didn't know any spells.

Dungeon Overview and Level Annotations

Branches:
Dungeon (5/15)
 Temple: D:4-7

Altars:
Elyvilon
Fedhas
Vehumet
Zin
The Shining One


Message History

There is a stone staircase leading up here.
The two-headed ogre misses you. The two-headed ogre closely misses you.
You climb upwards.
There is a stone staircase leading down here.
You slash the two-headed ogre!
The two-headed ogre is moderately wounded.
The two-headed ogre hits you with a giant club!
The two-headed ogre hits you but does no damage.
You barely miss the two-headed ogre.
The two-headed ogre is moderately wounded.
The two-headed ogre closely misses you.
The two-headed ogre hits you with a giant spiked club!
You hit the two-headed ogre but do no damage.
The two-headed ogre is moderately wounded.
You barely miss the two-headed ogre.
The two-headed ogre is moderately wounded.
The two-headed ogre hits you with a giant club!!
* * * LOW HITPOINT WARNING * * *
The two-headed ogre hits you with a giant spiked club!
You die...

#.###...#.#.#.# ##########.#
##.........
#..........#######.#.#.#
#.#####.......# ##...## #.#
#.#####.# ##.##
########.#####.# #.######.##
#..).........#.# #.........#
#.####.........# #...#####.#
#.# #...###..@#####....## #.##
#.# ##..# #...O.........###.##
#.# #..# #..###..............
#.#####.####..###.###....####..
#............>##...##.#.## ###
#######.........#.#.#.#.#
#...####............#
#.#.####.##...#.#.#########
#....##....................


You could see a two-headed ogre.

Vanquished Creatures
  A sky beast (D:3)
  A hound (D:4)
  A centaur skeleton (D:4)
  2 orc priests (D:4)
  2 orc wizards
  An iguana (D:4)
  2 worker ants
  5 adders
  2 dart slugs
  3 leopard geckos
  6 orcs
  4 giant cockroaches
  6 goblins
  6 hobgoblins
  4 jackals (D:4)
  13 kobolds
  2 quokkas
  A ball python (D:2)
  7 bats
  5 frilled lizards
  8 rats
82 creatures vanquished.

Notes
Turn   | Place    | Note
-------+----------+-------------------------------------------
     0 | D:1      | Haldmier the Hill Orc Gladiator began the quest for the Orb.
     0 | D:1      | Reached XP level 1. HP: 18/18 MP: 1/1
    20 | D:1      | Reached XP level 2. HP: 15/25 MP: 2/2
   730 | D:1      | Reached XP level 3. HP: 18/30 MP: 3/3
  1424 | D:2      | Found a faded altar of an unknown god.
  1424 | D:2      | Found a radiant altar of Vehumet.
  1429 | D:2      | Found a faded altar of an unknown god.
  1431 | D:2      | Found a glowing golden altar of the Shining One.
  1433 | D:2      | Found a white marble altar of Elyvilon.
  1920 | D:3      | Reached XP level 4. HP: 34/38 MP: 4/4
  2102 | D:3      | Reached skill level 5 in Axes
  2408 | D:3      | Noticed a sky beast
  2416 | D:3      | Killed a sky beast
  2416 | D:3      | Reached XP level 5. HP: 39/46 MP: 5/5
  2625 | D:3      | Reached skill level 6 in Axes
  2801 | D:3      | Found a glowing silver altar of Zin.
  3414 | D:4      | Reached XP level 6. HP: 41/52 MP: 6/6
  4110 | D:4      | Reached skill level 7 in Axes
  4110 | D:4      | Reached XP level 7. HP: 30/60 MP: 7/7
  4268 | D:4      | Found a blossoming altar of Fedhas.
  4334 | D:5      | Entered Level 5 of the Dungeon
  4335 | D:5      | Noticed a two-headed ogre
  4412 | D:5      | Noticed a two-headed ogre
  4427 | D:4      | Slain by a two-headed ogre

Skill      XL: |  1  2  3  4  5  6 |
---------------+-------------------+-----
Throwing       | 2 3 |  3.0
Fighting       | 3 4 |  4.6
Axes           | 5 6 7 |  7.2
Dodging        | 3 |  3.6

Action                   |  1- 3 |  4- 6 |  7- 9 || total
-------------------------+-------+-------+-------++-------
Melee: War axe           |    93 |   161 |    14 ||   268
 Stab: Sleeping          |     1 |       |       ||     1
  Eat: Chunk             |     3 |     7 |     1 ||    11
Armor: Leather armour    |    19 |       |       ||    19
       Ring mail         |    16 |    47 |     3 ||    66
Dodge: Dodged            |    67 |   115 |    11 ||   193
